 Dungeon Sprint DCSS version 0.28.0-53-g5a82cb258f (webtiles) character file.

Game seed: 7781916815626692120

121 Zeld the Chopper (level 4, -7/47 HPs)
             Began as a Minotaur Berserker on May 25, 2022.
             Was a Believer of Trog.
             Killed from afar by an oklob sapling priest (22 damage)
             ... with a splash of acid
             ... in the Dungeon (Sprint IV: "Fedhas' Mad Dash").
             The game lasted 00:00:34 (894 turns).

Zeld the Chopper (Minotaur Berserker)                Turns: 894, Time: 00:00:35

Health: -7/47      AC: -1    Str: 23    XL:     4   Next: 76%
Magic:  2/3        EV: 13    Int:  4    God:    Trog [**....]
Gold:   82         SH:  0    Dex: 10    Spells: 3/3 levels left

rFire   . . .      SeeInvis .   a - +0 hand axe
rCold   . . .      Faith    .   (no shield)
rNeg    . . .      Spirit   .   b - +0 animal skin
rPois   .          Reflect  .   (helmet restricted)
rElec   .          Harm     .   (no cloak)
rCorr   .          Rampage  .   (no gloves)
Will    .....      NoTele   +   (no boots)
Stlth   +.........              i - amulet of invisibility {+Inv}
HPRegen 0.15/turn               (no ring)
MPRegen 0.08/turn               (no ring)

@: corroded, very slightly contaminated
A: horns 2, retaliatory headbutt
a: Renounce Religion, Evoke Invisibility, Berserk, Trog's Hand


You were in the Dungeon.
You worshipped Trog.
Trog was pleased with you.
You visited 1 branch You collected 82 gold pieces.

Inventory:

Hand Weapons
 a - a +0 hand axe (weapon)
Armour
 b - a +0 animal skin (worn)
Jewellery
 i - the amulet of invisibility (around neck) {+Inv}
   (You found it in the Dungeon)

   [amulet of nothing]

   +Inv:      It lets you turn invisible.
Scrolls
 h - a scroll of blinking
Potions
 c - a potion of curing
 d - a potion of heal wounds
 e - a potion of haste
 f - 2 potions of magic
 g - a potion of berserk rage


   Skills:
 * Level 7.5 Fighting
 * Level 7.5 Axes
 + Level 5.1 Armour
 + Level 4.6 Dodging


You had 3 spell levels left.
You didn't know any spells.
Your spell library was empty.

Dungeon Overview and Level Annotations

Branches:
Dungeon (1/1)

Altars:
Cheibriados
Dithmenos
Elyvilon
Gozag
Hepliaklqana
Kikubaaqudgha
Makhleb
Nemelex Xobeh
Okawaru
Qazlal
Ru
Sif Muna
Trog
Uskayaw
Vehumet
Wu Jian
Xom
Yredelemnul
Zin
The Shining One
Beogh
Jiyva
Lugonu

Annotations:
D exclusion: oklob sapling


Innate Abilities, Weirdness & Mutations

You have a pair of horns on your head.
You reflexively headbutt those who attack you in melee.


Message History

Found three altars.
Found a radiant altar of Vehumet and a corrupted altar of Lugonu.
There is a burning altar of Makhleb here.
There is a sparkling altar of Nemelex Xobeh here.
The helpless oklob sapling priest fails to defend itself.
You hit the oklob sapling priest but do no damage.
You headbutt the oklob sapling priest, but do no damage.
You hit the oklob sapling priest.
The oklob sapling priest is lightly damaged.
You hit the oklob sapling priest but do no damage.
The oklob sapling priest is lightly damaged.
You flicker for a moment.
You hit the oklob sapling priest.
You headbutt the oklob sapling priest, but do no damage.
The oklob sapling priest is moderately damaged.
The oklob sapling priest spits acid at you.
The splash of acid hits you!!
Ouch! That really hurt!
The acid corrodes you!
You hit the oklob sapling priest but do no damage.
The oklob sapling priest is moderately damaged.
The oklob sapling priest casts a cantrip, but nothing happens.
Unknown command.
Press < or > to pray at altars.
You hit the oklob sapling priest.
The oklob sapling priest is heavily damaged.
Unknown command.
Press < or > to pray at altars.
You hit the oklob sapling priest but do no damage.
The oklob sapling priest is heavily damaged.
The oklob sapling priest miscasts a cantrip.
Unknown command.
Press < or > to pray at altars.
You catch the helpless oklob sapling priest completely off-guard!
You hit the oklob sapling priest.
The oklob sapling priest is severely damaged.
You flicker back into view.
The oklob sapling priest spits acid at you.
The splash of acid hits you!!
You die...

########################
....#.....#.⌠._._._._.⌠.
....'.#[).'.._._._._._..
....#.#...#..._.@P_._...
########'##.._._._._._..
+...#._._._._._.⌠.
#...############## #####


You could see an oklob sapling priest.

Vanquished Creatures
  A scorpion (D)
  2 oklob saplings (D)
  A river rat (D)
  A rat (D)
5 creatures vanquished.

Vanquished Creatures (others)
  2 fungi (D)
2 creatures vanquished.

Grand Total: 7 creatures vanquished

Notes
Turn   | Place    | Note
-------+----------+-------------------------------------------
     0 | D        | Zeld the Minotaur Berserker began the quest for the Orb.
     0 | D        | Reached XP level 1. HP: 19/19 MP: 0/0
    16 | D        | Reached XP level 2. HP: 12/28 MP: 1/1
   293 | D        | Noticed an oklob sapling
   297 | D        | Killed an oklob sapling
   297 | D        | Reached ** piety under Trog
   298 | D        | Reached skill level 5 in Fighting
   298 | D        | Reached skill level 5 in Axes
   298 | D        | Reached XP level 3. HP: 37/37 MP: 2/2
   578 | D        | Noticed a scorpion
   578 | D        | Found the amulet of invisibility {+Inv}
   584 | D        | Killed a scorpion
   585 | D        | Reached XP level 4. HP: 23/47 MP: 3/3
   849 | D        | Reached skill level 5 in Armour
   877 | D        | Found an opulent altar of Gozag.
   877 | D        | Found a hazy altar of Hepliaklqana.
   877 | D        | Found a burning altar of Makhleb.
   877 | D        | Found a sparkling altar of Nemelex Xobeh.
   877 | D        | Found a snail-covered altar of Cheibriados.
   877 | D        | Found a sacrificial altar of Ru.
   877 | D        | Found a shimmering blue altar of Sif Muna.
   877 | D        | Found a shimmering altar of Xom.
   877 | D        | Found a basalt altar of Yredelemnul.
   879 | D        | Found a viscous altar of Jiyva.
   879 | D        | Found a bloodstained altar of Trog.
   879 | D        | Found an ornate altar of the Wu Jian Council.
   881 | D        | Found an iron altar of Okawaru.
   881 | D        | Found a shadowy altar of Dithmenos.
   881 | D        | Found a glowing silver altar of Zin.
   882 | D        | Found an ancient bone altar of Kikubaaqudgha.
   882 | D        | Found a hide-covered altar of Uskayaw.
   883 | D        | Found a stormy altar of Qazlal.
   883 | D        | Found a glowing golden altar of the Shining One.
   883 | D        | Found a white marble altar of Elyvilon.
   884 | D        | Found a radiant altar of Vehumet.
   884 | D        | Found a corrupted altar of Lugonu.
   894 | D        | Killed from afar by an oklob sapling priest

Illustrated notes

Levels and vault maps discovered:
D:        dungeon_sprint_fedhas [sprint_temple]

Skill      XL: |  1  2  3  4 |
---------------+-------------+-----
Fighting       | 4 5 7 |  7.5
Axes           | 4 5 7 |  7.5
Armour         | 3 4 5 |  5.1
Dodging        | 3 4 |  4.6

Action                   |  1- 3 |  4- 6 || total
-------------------------+-------+-------++-------
Melee: Hand axe          |    16 |    12 ||    28
       Headbutt          |     2 |     3 ||     5
 Abil: Evoke Invisibilit |       |     2 ||     2
 Stab: Invisible         |       |     2 ||     2
       Sleeping          |       |     1 ||     1
Dodge: Dodged            |    10 |       ||    10
